 Dungeon Crawl Stone Soup version 0.29-a0-96-g93358da72b (webtiles) character file.

Game seed: 4904841281218921191

79 cyrus the Skirmisher (level 4, -1/42 HPs)
             Began as a Naga Fighter on Feb 11, 2022.
             Was a Follower of Fedhas.
             Slain by a gnoll (2 damage)
             ... on level 1 of the Dungeon.
             The game lasted 00:03:53 (1742 turns).

cyrus the Skirmisher (Naga Fighter)                 Turns: 1742, Time: 00:03:53

Health: -1/42      AC:  7    Str: 25    XL:     4   Next: 37%
Magic:  4/4        EV:  7    Int: 10    God:    Fedhas [*.....]
Gold:   82         SH:  4    Dex: 10    Spells: 3/3 levels left

rFire   x . .      SeeInvis +   a - +0 trident
rCold   + + .      Faith    .   c - +0 buckler
rNeg    . . .      Spirit   .   e - +0 ice dragon scales
rPois   +          Reflect  .   (no helmet)
rElec   .          Harm     .   (no cloak)
rCorr   .          Rampage  .   (no gloves)
Will    .....                   (no barding)
Stlth   ..........              (no amulet)
HPRegen 0.14/turn               g - +6 ring of strength
MPRegen 0.09/turn               (no ring)

@: mighty, very slow
A: AC +1, large, see invisible, deformed body, poison resistance, slowness 2,
spit poison 1, naga tail 1
a: Spit Poison, Renounce Religion


You were on level 1 of the Dungeon.
You worshipped Fedhas.
Fedhas was aware of your devotion.
You visited 1 branch of the dungeon, and saw 2 of its levels.

You collected 82 gold pieces.

Inventory:

Hand Weapons
 a - a +0 trident (weapon)
Armour
 b - a +0 scale mail
 c - a +0 buckler (worn)
 e - +0 ice dragon scales (worn)
Jewellery
 g - a +6 ring of strength (left hand)
Potions
 f - a potion of attraction {unknown}
 h - 2 potions of curing {unknown}


   Skills:
 + Level 3.5 Fighting
 + Level 2.7 Polearms
 + Level 3.1 Armour
 + Level 0.2 Dodging
 + Level 0.2 Stealth
 + Level 2.7 Shields


You had 3 spell levels left.
You didn't know any spells.
Your spell library contained the following spells:

 Spells                   Type           Power      Damage    Failure   Level
 Beastly Appendage        Tmut           0%         N/A       78%         1
 Wereblood                Tmut           0%         N/A       89%         2
 Spider Form              Tmut/Pois      0%         N/A       98%         3


Dungeon Overview and Level Annotations

Branches:
Dungeon (2/15)

Altars:
Fedhas


Innate Abilities, Weirdness & Mutations

Your serpentine skin is tough. (AC +1)
You have supernaturally acute eyesight. (SInv)
Armour fits poorly on your strangely shaped body.
Your system is resistant to poisons. (rPois)
You cover ground very slowly.
You can spit poison.
You have a snake-like lower body.


Message History

An endoplasm is nearby!
Found 25 arrows.
You puncture the endoplasm!
You kill the endoplasm!
Fedhas accepts your kill.
You now have 82 gold pieces (gained 18). 4 gnolls come into view.
The gnoll shouts! x4; You hear a shout!
There are monsters nearby!
The gnoll hits you but does no damage.
There is a stone staircase leading up here.
You closely miss the gnoll. The gnoll hits you but does no damage.
The gnoll hits you with a +0 club. The gnoll barely misses you.
You hit the gnoll but do no damage.
A goblin comes into view. It is wielding a +0 dagger.
You block the gnoll's attack. x2
You puncture the gnoll!
The gnoll is heavily wounded.
The gnoll hits you with a +0 club. The gnoll barely misses you.
The gnoll hits you with a +0 whip.
You feel very mighty all of a sudden. The gnoll hits you with a +0 club.
The gnoll hits you but does no damage.
The gnoll hits you from afar with a +0 halberd!
You can't go down here!
The goblin hits you but does no damage. The gnoll hits you but does no damage.
The gnoll hits you from afar with a +0 halberd!
* * * LOW HITPOINT WARNING * * *
The gnoll hits you but does no damage.
You climb upwards.
There is a stone staircase leading down here.
You impale the gnoll!!
You kill the gnoll!
Fedhas appreciates your contribution to the ecosystem.
The goblin hits you but does no damage. You block the gnoll's attack.
The goblin hits you but does no damage. The gnoll hits you with a +0 club!
* * * LOW HITPOINT WARNING * * *
The gnoll hits you with a +0 club.
You die...
Fedhas appreciates your contribution to the ecosystem.

#[# ### #.# ..# #.# ..#
#.# ..# #.# ..#
###########.# ###
#...(.......###
##########.#####g......#
................@g####.#
######.......###.## #.#
### #.###...# #.# #.#
..# #.......# #.# #.#
..#########..# #.# #.#
..#..........###.# #.#
..#.#..........#.# #.#
..#.#.####.#.#.#.# #.#
..#.#...(#.###.#.# #.#


You could see a gnoll and a goblin.

Vanquished Creatures
  A gnoll (D:1)
  5 adders (D:2)
  2 bats (D:1)
  2 endoplasms
  A giant cockroach (D:1)
  A hobgoblin (D:2)
  3 jackals (D:1)
  A quokka (D:2)
  2 ball pythons (D:1)
  3 frilled lizards
  4 kobolds
  4 rats
29 creatures vanquished.

Notes
Turn   | Place    | Note
-------+----------+-------------------------------------------
     0 | D:1      | cyrus the Naga Fighter began the quest for the Orb.
     0 | D:1      | Reached XP level 1. HP: 21/21 MP: 1/1
   272 | D:1      | Reached XP level 2. HP: 27/28 MP: 2/2
   572 | D:1      | Found a faded altar of an unknown god.
   591 | D:1      | Prayed at the altar of an unknown god.
   591 | D:1      | Became a worshipper of Fedhas Madash
   591 | D:1      | Reached * piety under Fedhas
   986 | D:2      | Reached XP level 3. HP: 25/34 MP: 3/3
  1320 | D:2      | Reached XP level 4. HP: 9/42 MP: 4/4
  1742 | D:1      | HP: 1/42 [gnoll (7)]
  1742 | D:1      | Slain by a gnoll

Illustrated notes

Levels and vault maps discovered:
D:1:      erik_arrival_cave_to_civilisation [erik_arrival_cave_to_hall],
          layout_basic, ebering_ecumenical_altar_petrified,
          minmay_misc_feat_diagonals
D:2:      layout_basic

Skill      XL: |  1  2  3 |
---------------+----------+-----
Armour         | 3 |  3.1
Fighting       | |  3.5
Polearms       | |  2.7
Dodging        | |  0.2
Stealth        | |  0.2
Shields        | |  2.7

Action                   |  1- 3 |  4- 6 || total
-------------------------+-------+-------++-------
Melee: Trident           |    75 |    17 ||    92
  Use: Potion            |       |     1 ||     1
Armor: Scale mail        |    18 |       ||    18
       Ice dragon scales |    34 |    13 ||    47
Dodge: Dodged            |    47 |     9 ||    56
Block: Buckler           |    23 |     5 ||    28

Table legend: (Time is in decaauts)
 A = Elapsed time spent in this place.
 B = Non-inter-level travel time spent in this place.
 C = Inter-level travel time spent in this place.
 D = Time resting spent in this place.
 E = Time spent auto-exploring this place.
 F = Levels seen in this place.
 G = Mean time per level.
                   A        B        C        D        E       F      G
               +--------+--------+--------+--------+--------+-----+--------+
         Total |   2100 |   2092 |      8 |    527 |   1103 |   2 | 1050.0 |
       Dungeon |   2100 |   2092 |      8 |    527 |   1103 |   2 | 1050.0 |
               +--------+--------+--------+--------+--------+-----+--------+

Top non-repeatable levels by time:
     D:1: 1218 daAuts
     D:2: 882 daAuts
